 Dungeon Crawl Stone Soup version 0.26.0-91-g99b343417d (webtiles) character file.

Game seed: 18366986814660810749

841 Delamore the Cudgeller (level 8, -4/49 HPs)
             Began as a Gargoyle Fighter on Feb 3, 2021.
             Was a Plaything of Xom.
             Slain by a bullfrog (10 damage)
             ... in a sewer.
             The game lasted 00:04:12 (4382 turns).

Delamore the Cudgeller (Gargoyle Fighter)           Turns: 4382, Time: 00:04:12

Health: -4/49      AC:  9    Str: 21 (22) XL:     8   Next: 0%
Magic:  8/8        EV: 22    Int:  9      God:    Xom [*.....]
Gold:   189        SH:  0    Dex:  9      Spells: 7/7 levels left

rFire    + + .     SeeInvis .   (weapon currently unavailable)
rCold    + + .     Faith    .   (shield currently unavailable)
rNeg     + + +     Spirit   .   (armour currently unavailable)
rPois    ∞         Reflect  .   (helmet currently unavailable)
rElec    +         Harm     .   (cloak currently unavailable)
rCorr    +         Rampage  .   (gloves currently unavailable)
Will     .....                  (boots currently unavailable)
Stlth    +.........             (amulet currently unavailable)
HPRegen  0.16/turn              (ring currently unavailable)
MPRegen  0.11/turn              (ring currently unavailable)

@: agile, wisp-form (expiring), berserk cooldown, flying, very slightly
contaminated, hasted and slowed, quick
A: tiny, deterioration 1, negative energy resistance 1, petrification
resistance, miasma immunity, AC +5
a: Stop Flying, Renounce Religion


You were in a sewer.
You worshipped Xom.
You were a special plaything of Xom.
You were an insubstantial wisp.
You visited 1 branch of the dungeon, and saw 5 of its levels.
You also visited: Sewer.

You collected 189 gold pieces.

Inventory:

Hand Weapons
 a - a +0 flail
 k - a +2 vampiric whip (melded)
Armour
 b - a +0 scale mail
 c - a +0 kite shield (melded)
 h - a +0 helmet (melded)
 w - a +0 chain mail (melded)
Jewellery
 e - the ring of Usupp {AC-4 Str+2}
   (You found it on level 5 of the Dungeon)

   [ring of protection]

   It affects your AC (-4).
   It affects your strength (+2).
Wands
 s - a wand of enslavement (9)
Scrolls
 f - a scroll of immolation
 i - a scroll of enchant armour
 j - a scroll of noise
 m - a scroll of amnesia
 n - 3 scrolls of blinking
 o - 3 scrolls of teleportation {unknown}
 p - a scroll of identify
 q - 2 scrolls of magic mapping {unknown}
 v - a scroll of random uselessness
Potions
 d - 5 potions of might
 g - 2 potions of flight {unknown}
 l - 5 potions of curing {unknown}
 r - 2 potions of berserk rage {unknown}
 t - a potion of haste {unknown}
 u - 2 potions of mutation {unknown}


   Skills:
 - Level 5.0 Fighting
 + Level 7.5 Maces & Flails
 - Level 3.2 Armour
 - Level 5.0 Shields


You had 7 spell levels left.
You didn't know any spells.
Your spell library contained the following spells:

 Spells                   Type           Power        Failure   Level
 Magic Dart               Conj           0%           38%         1
 Blink                    Tloc           N/A          52%         2
 Call Imp                 Summ           0%           52%         2
 Slow                     Hex            0%           52%         2
 Conjure Flame            Conj/Fire      0%           77%         3
 Mephitic Cloud           Conj/Pois/Air  0%           77%         3


Dungeon Overview and Level Annotations

Branches:
Dungeon (5/15)             Temple (0/1) D:5           Sewer (1/1)

Altars:
Xom


Innate Abilities, Weirdness & Mutations

You are resistant to torment.
((Your stone body is resilient. (AC +5)))
You are immune to poison.
You resist negative energy. (rN+)
((You are resistant to electric shocks. (rElec)))
((You can survive without breathing.))
You are immune to petrification.
You are immune to miasma.
Your body sometimes deteriorates upon taking damage.


Message History

Are you sure you want to fly over deep water while your transformation is expiring? [Y]es or [N]o only, please.
Are you sure you want to fly over deep water while your transformation is expiring? [Y]es or [N]o only, please.
Are you sure you want to fly over deep water while your transformation is expiring?
Okay, then.
Something bites you but does no damage. Something closely misses you.
Something bites you but does no damage. Something hits you!
Your body deteriorates!
You feel weakened. Something bites you. Something misses you.
Something hits you. Something barely misses you. Something hits you!
* * * LOW HITPOINT WARNING * * *
Something bites you but does no damage. x2
Something closely misses you.
You reach down and open the door.
Something hits you.
* * * LOW HITPOINT WARNING * * *
Something bites you but does no damage. Something hits you!
You die...

##################
##...#≈≈≈≈≈≈≈≈≈≈≈≈≈
#.....≈≈≈≈#≈..≈≈≈≈≈
#.....≈≈≈≈≈≈≈≈≈≈≈≈≈
#.....#≈S†≈≈≈≈≈≈≈†≈
#..{.≈≈≈≈≈≈≈≈≈≈≈≈≈≈
##v..#≈≈≈≈≈≈≈≈≈≈≈≈≈
#'################
?!? #!∩!# #?!?#
#####
################
###..≈≈≈≈≈≈≈#≈≈≈≈≈


You could see an adder (petrified).

Vanquished Creatures
  Duvessa (D:4)
  A bullfrog (Sewer)
  Dowan (D:4)
  5 wights (D:3)
  A centaur zombie (D:5)
  An orc wizard (D:5)
  An orc priest (D:5)
  A worker ant (D:2)
  4 gnolls
  12 adders
  4 river rats (Sewer)
  An ufetubus (D:5)
  An ooze (D:2)
  A worm (D:2)
  2 dart slugs
  7 leopard geckos
  5 orcs
  5 giant cockroaches
  8 goblins
  4 hobgoblins
  3 jackals (D:2)
  A quokka (D:2)
  14 ball pythons
  10 bats
  7 frilled lizards
  4 kobolds
  32 rats
137 creatures vanquished.

Notes
Turn   | Place    | Note
-------+----------+-------------------------------------------
     0 | D:1      | Delamore the Gargoyle Fighter began the quest for the Orb.
     0 | D:1      | Reached XP level 1. HP: 14/14 MP: 1/1
   285 | D:1      | Reached XP level 2. HP: 19/19 MP: 2/2
   753 | D:1      | Reached XP level 3. HP: 2/24 MP: 3/3
  1088 | D:2      | Reached XP level 4. HP: 26/29 MP: 4/4
  1099 | D:2      | Reached skill level 3 in Maces & Flails
  1331 | D:2      | Reached XP level 5. HP: 34/34 MP: 5/5
  2145 | D:3      | Found a faded altar of an unknown god.
  2168 | D:3      | Reached skill level 5 in Fighting
  2168 | D:3      | Reached skill level 5 in Shields
  2168 | D:3      | Reached XP level 6. HP: 28/40 MP: 6/6
  2179 | D:3      | Reached skill level 4 in Maces & Flails
  2226 | D:3      | Reached skill level 5 in Maces & Flails
  2478 | D:3      | Became a worshipper of Xom the Elder Chaos God
  2481 | D:3      | XOM: divination: detect items
  2691 | D:3      | XOM: silly message
  2807 | D:3      | XOM: silly message
  2937 | D:4      | Noticed Duvessa
  2937 | D:4      | Noticed Dowan
  2938 | D:4      | XOM: potion effect (invisibility)
  2951 | D:4      | Killed Duvessa
  2952 | D:4      | Reached XP level 7. HP: 35/44 MP: 7/7
  2964 | D:4      | Killed Dowan
  3062 | D:4      | Reached skill level 6 in Maces & Flails
  3563 | D:4      | XOM: divination: detect items
  3580 | D:4      | XOM: give mutation
  3580 | D:4      | Gained mutation: Your body sometimes deteriorates upon
                  | taking damage. [Xom's mischief]
  3769 | D:5      | Entered Level 5 of the Dungeon
  3777 | D:5      | XOM: confuse monster(s)
  3891 | D:5      | Got a pitted granite ring
  3892 | D:5      | Identified the cursed ring of Usupp {AC-4 Str+2} (You found
                  | it on level 5 of the Dungeon)
  3915 | D:5      | Found a staircase to the Ecumenical Temple.
  3969 | D:5      | XOM: enchant monster (bad)
  4020 | D:5      | Found a glowing drain.
  4039 | Sewer    | Entered a sewer
  4063 | Sewer    | XOM: noise
  4081 | Sewer    | XOM: silly message
  4172 | Sewer    | Reached skill level 7 in Maces & Flails
  4239 | Sewer    | XOM: noise
  4350 | Sewer    | XOM: summons friendly shadow imp
  4351 | Sewer    | XOM: chaos cloud
  4370 | Sewer    | Reached XP level 8. HP: 49/49 MP: 8/8
  4382 | Sewer    | Slain by a bullfrog

Illustrated notes

Levels and vault maps discovered:
D:1:      shiori_shiawase, layout_rooms
D:2:      layout_basic, minmay_distorted
D:3:      layout_loops_ring, chequers_ecumenical_altar_simple_redux
D:4:      layout_basic, uniq_duvessa
D:5:      layout_cave_pools, minmay_temple_entry_antechambers,
          gup_sewer_entry_bubbles
Sewer:    sewer_minmay_w

Skill      XL: |  1  2  3  4  5  6  7 |
---------------+----------------------+-----
Fighting       | 4 5 |  5.0
Shields        | 4 5 |  5.0
Maces & Flails | 3 5 7 |  7.5
Armour         | |  3.2

Action                   |  1- 3 |  4- 6 |  7- 9 || total
-------------------------+-------+-------+-------++-------
Melee: Flail             |   123 |    11 |       ||   134
       Whip              |       |   238 |   314 ||   552
       Unarmed           |       |       |     3 ||     3
  Use: Scroll            |       |       |     8 ||     8
 Stab: Invisible         |       |       |     3 ||     3
Armor: Scale mail        |    61 |   107 |    17 ||   185
       Chain mail        |       |       |   149 ||   149
       Skin              |       |       |     7 ||     7
Dodge: Dodged            |    43 |    65 |    87 ||   195
Block: Kite shield       |    67 |   111 |   143 ||   321
